cohdb
Replays
Latest Replays
All Replays
Popular Replays
Top Player Replays
Match Explorer
How It Works
Community
CoH3 Stats
Reddit
Sign in to upload your games and track your stats! →
Sign in with Steam
Match 40344955
Unlisted
Match 40344955
Overview
Messages
Build Orders
End
Panzergrenadier Squad
250 Light Carrier
Construct Light Support Kompanie
Combat Half-tracks
Selects Panzerjäger Kommand Battlegroup
Selects Mine Fields
Panzergrenadier Squad
Selects Tank Busters
MG34 Team
Fire Support Elements
Panzergrenadier Squad
2.5-tonne Medical Truck
Panzerjäger Mechanized Group
Veteran Squad Leaders
Construct Panzerarmee Kommand
Armored Reserves
Selects Defensive Positions
Vehicle Survival Package
Selects Crew Shock Tactics
Tiger Heavy Tank
Mixrundiy
C.R575
Valdai
Sailor
Juan
JVevermore
NigelThornberry
Hootch
0
0
Comments
sign in to comment!
No comments posted yet!